 Dungeon Sprint DCSS version 0.28.0-45-g0d030f2227 (webtiles) character file.

Game seed: 5752194925425367456

686 McKennaii the Spear-Bearer (level 7, -4/65 (67) HPs)
             Began as a Demigod Fighter on Apr 18, 2022.
             Slain by a two-headed ogre
             ... wielding a +0 giant club
              (27 damage)
             ... in the Dungeon (Sprint IX: "|||||||||||||||||||||||||||||").
             The game lasted 00:01:17 (299 turns).

McKennaii the Spear-Bearer (Demigod Fighter)         Turns: 299, Time: 00:01:18

HP:   -4/65 (67)    AC: 16    Str: 28    XL:     7   Next: 13%
MP:   9/9           EV:  7    Int: 10    God:
Gold: 0             SH:  0    Dex: 16    Spells: 6/6 levels left

rFire   . . .      SeeInvis .   n - +2 halberd (venom)
rCold   . . .      Faith    .   (shield currently unavailable)
rNeg    . . .      Spirit   .   r - +0 plate armour
rPois   .          Reflect  .   s - +0 helmet
rElec   .          Harm     .   (no cloak)
rCorr   .          Rampage  .   o - +0 pair of gloves
Will    .....      NoTele   +   (no boots)
Stlth   ..........              (no amulet)
HPRegen 0.20/turn               q - +3 ring of dexterity
MPRegen 0.11/turn               p - +3 ring of strength

@: mighty, lightly drained
A: high MP 1, forlorn, divine attributes
a: no special abilities


You were in the Dungeon.
You visited 1 branch

Inventory:

Hand Weapons
 a - a +0 trident
 n - a +2 halberd of venom (weapon)
Armour
 c - a +0 buckler
 o - a +0 pair of gloves (worn)
 r - a +0 plate armour (worn)
 s - a +0 helmet (worn)
Jewellery
 p - a +3 ring of strength (right hand)
 q - a +3 ring of dexterity (left hand)
Wands
 m - a wand of iceblast (10)
Scrolls
 j - 2 scrolls of blinking
 l - 2 scrolls of amnesia
Potions
 e - 5 potions of curing
 f - 3 potions of heal wounds
 g - a potion of haste
 h - 4 potions of magic
 i - a potion of berserk rage
 k - a potion of invisibility


   Skills:
 + Level 7.9 Fighting
 * Level 10.6 Polearms
 + Level 7.9 Armour
 - Level 2.6 Shields


You had 6 spell levels left.
You didn't know any spells.
Your spell library was empty.

Dungeon Overview and Level Annotations

Branches:
Dungeon (1/1)


Innate Abilities, Weirdness & Mutations

You have an increased reservoir of magic. (+10% MP)
You shall have no god before yourself.
Your divine heritage dramatically boosts your attributes as you level up.


Message History

The troll bites you but does no damage. The troll barely misses you.
The troll claws you.
Unknown command.
You puncture the troll!
You kill the troll!
The troll leather armour is intact enough to wear.
Your Fighting skill increases to level 7!
Your Polearms skill gained 2 levels and is now at level 10!
Your Armour skill increases to level 7!
Unknown command.
You barely miss the yak. The yak gores you.
Unknown command.
You slice the yak!!
The yak is poisoned.
The yak is heavily wounded.
The yak gores you but does no damage.
Reach: n) +2 halberd (venom)
Press: ? - help, Dir - move target, f - two-headed ogre
Aim: a two-headed ogre, wielding a +0 giant club and a +1 dire flail of draining (about 22% to evade your +2 halberd of venom)
The yak is in the way.
You slash the yak!
The yak is almost dead.
The yak gores you.
Unknown command.
Reach: n) +2 halberd (venom)
Press: ? - help, Dir - move target, f/p - two-headed ogre
Aim: a two-headed ogre, wielding a +0 giant club and a +1 dire flail of draining (about 22% to evade your +2 halberd of venom)
The yak is in the way.
You slash the yak!
You kill the yak!
You have reached level 7!
You impale the two-headed ogre!!
The two-headed ogre is poisoned.
The two-headed ogre is moderately wounded.
The howler monkey hoots and howls with incredible vigour!
The two-headed ogre hits you but does no damage.
The two-headed ogre hits you with a +1 dire flail of draining!
You feel drained.
Unknown command.
You slash the two-headed ogre!
The two-headed ogre looks as sick as possible!
The two-headed ogre is severely wounded.
The two-headed ogre hits you with a +0 giant club!!
You die...

▓_▓
▓_▓
▓_▓
▓_▓
▓'▓
▓[▓
▓.▓
▓)▓
▓@▓
▓O▓
▓h▓
▓.▓
▓[▓
▓)▓
▓†▓
▓.▓
▓.▓


You could see a two-headed ogre (extremely poisoned) and a howler monkey.

Vanquished Creatures
  A troll (D)
  2 yaks (D)
  An ogre (D)
  An orc warrior (D)
  An ufetubus (D)
  2 orcs (D)
  A bat skeleton (D)
  3 endoplasms (D)
  A quokka (D)
  A frilled lizard (D)
14 creatures vanquished.

Notes
Turn   | Place    | Note
-------+----------+-------------------------------------------
     0 | D        | McKennaii the Demigod Fighter began the quest for the Orb.
     0 | D        | Reached XP level 1. HP: 18/18 MP: 3/3
     5 | D        | Reached skill level 2 in Polearms
    33 | D        | Noticed an ogre
    37 | D        | Reached skill level 3 in Polearms
    42 | D        | Killed an ogre
    43 | D        | Reached skill level 5 in Polearms
    43 | D        | Reached XP level 2. HP: 12/28 MP: 4/4
    43 | D        | Reached XP level 3. HP: 16/35 MP: 5/5
    43 | D        | Reached XP level 4. HP: 18/41 MP: 6/6
    45 | D        | Reached skill level 6 in Polearms
   278 | D        | Noticed a yak
   278 | D        | Noticed an orc warrior
   278 | D        | Noticed a troll
   278 | D        | Noticed a yak
   278 | D        | Noticed a two-headed ogre
   280 | D        | Killed a yak
   281 | D        | Reached skill level 8 in Polearms
   281 | D        | Reached XP level 5. HP: 44/50 MP: 7/7
   285 | D        | Killed an orc warrior
   286 | D        | Reached XP level 6. HP: 53/58 MP: 8/8
   290 | D        | Killed a troll
   291 | D        | Reached skill level 10 in Polearms
   294 | D        | Killed a yak
   295 | D        | Reached XP level 7. HP: 32/67 MP: 9/9
   299 | D        | Slain by a two-headed ogre

Illustrated notes

Levels and vault maps discovered:
D:        linesprint [early_d, line_temple, items_1, d_10, items_2, lair_1,
          lair_end, items_3, orc_1, orc_end, items_4, d_15, swamp_1, shoals_1,
          snake_1, spider_1, d_20, vaults_1, items_5, swamp_end, shoals_end,
          snake_end, spider_end, vaults_end, d_27, items_6, zot_1, zot_end,
          crypt_end, forest_end, elf_end, slime_end, tomb_end, abyss_end,
          pan_hell_end]

Skill      XL: |  1  2  3  4  5  6 |
---------------+-------------------+-----
Polearms       | 5 8 10 | 10.6
Fighting       | 4 6 7 |  7.9
Armour         | 4 6 7 |  7.9
Shields        | |  2.6

Action                   |  1- 3 |  4- 6 |  7- 9 || total
-------------------------+-------+-------+-------++-------
Melee: Trident           |    19 |     5 |       ||    24
       Halberd           |       |    14 |     2 ||    16
  Use: Potion            |       |     1 |       ||     1
Armor: Scale mail        |     4 |     4 |       ||     8
       Plate armour      |       |     5 |     1 ||     6
Dodge: Dodged            |     8 |     6 |       ||    14
Block: Buckler           |     4 |       |       ||     4
